 Dungeon Crawl Stone Soup version 0.22-a0-445-g8c8ef71 (webtiles) character file.

46 Gorglomux the Covered (level 3, -1/34 HPs)
             Began as a Deep Dwarf Fighter on June 2, 2018.
             Slain by an orc
             ... wielding a +0 trident
              (5 damage)
             ... on level 3 of the Dungeon.
             The game lasted 00:00:31 (416 turns).

Gorglomux the Covered (Deep Dwarf Fighter)           Turns: 416, Time: 00:00:31

Health: -1/34      AC:  7    Str: 18    XL:     3   Next: 44%
Magic:  2/2        EV:  7    Int:  8    God:
Gold:   6          SH:  9    Dex: 12    Spells: 2/2 levels left

rFire    . . .     SeeInvis .   a - +0 war axe
rCold    . . .     Gourm    .   c - +0 shield
rNeg     . . .     Faith    .   b - +0 scale mail
rPois    .         Spirit   .   (no helmet)
rElec    .         Reflect  .   (no cloak)
rCorr    .         Harm     .   (no gloves)
MR       .....                  (no boots)
Stlth    ..........             (no amulet)
HPRegen  0.00/turn              m - -2 ring of strength (curse)
MPRegen  0.08/turn              (no ring)

@: non-regenerating
A: damage resistance, heal wounds, sense surroundings 1, no regeneration
a: Heal Wounds


You were on level 3 of the Dungeon.
You were not hungry.

You visited 1 branch of the dungeon, and saw 3 of its levels.

You collected 6 gold pieces.

Inventory:

Hand Weapons
 a - a +0 war axe (weapon)
Armour
 b - a +0 scale mail (worn)
 c - a +0 shield (worn)
Jewellery
 m - a cursed -2 ring of strength (left hand)
Scrolls
 i - a scroll of identify {unknown}
 j - a scroll of magic mapping {unknown}
 k - a scroll of fear {unknown}
Potions
 d - a potion of might
 h - 2 potions of mutation {unknown}
 n - a potion of haste {unknown}
Comestibles
 f - 3 rations
 l - 6 chunks of flesh


   Skills:
 + Level 3.1 Fighting
 + Level 2.8 Axes
 + Level 3.8 Armour
 + Level 3.8 Shields


You had 2 spell levels left.
You didn't know any spells.
Your spell library was empty.

Dungeon Overview and Level Annotations

Branches:
Dungeon (3/15)

Altars:
The Shining One

Annotations:
D:3 Gorglomux's ghost, amateur DDFi


Innate Abilities, Weirdness & Mutations

You are resistant to damage.
You can heal yourself by infusing magical energy.
You passively map a small area around you.
You do not regenerate.


Message History

The orc hits you butt afar with a trident!!!
You block Gorglomux's ghost's attack!
You open Gorglomux's ghost but do no damage!
Gorglomux's ghost is butt-ly damaged!
You slice the rat like a ripe choko!
You annihilate the rat!!!
You chop the orc into pieces! You barely miss the kobold! The kobold hits you!
Gorglomux's ghost closely misses you! The orc barely misses you!
The orc hits you with a flail!
The kobold hits butt but does no damage!
You chop the orc into pieces!
The orc is almost dead!
Your shield prevents butt from hitting Gorglomux's ghost!
Your shield and scale mail butt you from hitting the kobold!
You block Gorglomux's ghost's attack! You block the orc's attack!
The orc butt-ly misses you! The kobold hits you but does no damage!
Gorglomux's ghost hits you!!! * * * don't die
* * * The orc hits you from afar with a trident!!! rip

*
....##...######.)(..#,
, ...
*#..........##)...# .
#................... *
#...#####.(.....####
#..$############# *
#............. * ,
#............. * *
#......?...... *
#.....@.......
#....oKWo.....
#.....o.......
###....$...... *
######....## , *
*....# ....# ....# , ,
* *


You could see Gorglomux's ghost, 3 orcs and a kobold.

Vanquished Creatures
  2 adders (D:2)
  A dart slug (D:2)
  An orc (D:3)
  2 bats
  A giant cockroach (D:2)
  2 goblins
  5 hobgoblins
  3 jackals (D:1)
  A kobold (D:3)
  A frilled lizard (D:3)
  4 rats
23 creatures vanquished.

Notes
Turn   | Place    | Note
-------+----------+-------------------------------------------
     0 | D:1      | Gorglomux the Deep Dwarf Fighter began the quest for the Orb.
     0 | D:1      | Reached XP level 1. HP: 20/20 MP: 1/1
    53 | D:1      | Reached XP level 2. HP: 17/27 MP: 2/2
    84 | D:2      | Reached skill level 3 in Fighting
    84 | D:2      | Reached XP level 3. HP: 17/34 MP: 3/3
   350 | D:3      | Found a glowing golden altar of the Shining One.
   407 | D:3      | Noticed Gorglomux's ghost (amateur DDFi)
   416 | D:3      | Slain by an orc

Vault maps used:
D:1:      wheals_arrival_shading
D:2:      lemuel_coloured_pillars_altar, first_ration
D:3:      lemuel_crystal_altar, gammafunk_temple_overflow_wave,
          lemuel_crystal_altar, uniq_robin

Skill      XL: |  1  2 |
---------------+-------+-----
Fighting       | 3 |  3.1
Axes           | |  2.8
Armour         | |  3.8
Shields        | |  3.8

Action                   || total
-------------------------++-------
Melee: War axe           ||    58
 Abil: Heal Wounds       ||     2
Armor: Scale mail        ||    28
Dodge: Dodged            ||    23
Block: Shield            ||    22

Table legend:
 A = Spawn XP
 B = Non-spawn XP
 C = Spawn XP percentage of total XP
 D = Spawn monster count
 E = Non-spawn monster count
 F = Spawn count percentage of total count
 G = Total turns spent on level
                    A         B        C        D         E        F      G
               +---------+---------+-------+---------+---------+-------+---------
         Total |       0 |      66 |   0.0 |       0 |      23 |   0.0 |   416
               +---------+---------+-------+---------+---------+-------+---------
           D:1 |       0 |      12 |   0.0 |       0 |       6 |   0.0 |    59
           D:2 |       0 |      42 |   0.0 |       0 |      10 |   0.0 |   291
           D:3 |       0 |      12 |   0.0 |       0 |       7 |   0.0 |    66
               +---------+---------+-------+---------+---------+-------+---------
